 Dungeon Crawl Stone Soup version 0.31.0-9-g3a7656b989 (webtiles) character file.

Game seed: 7322740922415747671

102 qw the Shooter (level 4, -5/25 HPs)
             Began as a Deep Elf Hunter on Feb 2, 2024.
             Slain by Sigmund
             ... wielding a +0 scythe
              (8 damage)
             ... on level 2 of the Dungeon.
             The game lasted 00:00:05 (1052 turns).

qw the Shooter (Deep Elf Hunter)                    Turns: 1052, Time: 00:00:05

Health: -5/25      AC:  3    Str: 10    XL:     4   Next: 50%
Magic:  6/6        EV: 12    Int: 14    God:
Gold:   45         SH:  0    Dex: 18    Spells: 3/3 levels left

rFire   . . .        a - +0 shortbow
rCold   . . .        (shield currently unavailable)
rNeg    . . .        c - +0 leather armour
rPois   .            (no helmet)
rElec   .            (no cloak)
rCorr   .            (no gloves)
SInv    .            (no boots)
Will    .....        (no amulet)
Stlth   ++           (no ring)
HPRegen 0.24/turn    (no ring)
MPRegen 0.10/turn

%: no passive effects
@: no status effects
A: no striking features
a: no special abilities


You were on level 2 of the Dungeon.
You visited 1 branch of the dungeon, and saw 2 of its levels.

You collected 45 gold pieces.


   Skills:
 - Level 1.5 Fighting
 + Level 7.9 Ranged Weapons
 - Level 2.4 Dodging
 - Level 1.2 Stealth


You had 3 spell levels left.
You didn't know any spells.
Your spell library was empty.

Inventory:

Hand Weapons
 a - a +0 shortbow (weapon)
Armour
 c - a +0 leather armour (worn)
Potions
 d - a potion of resistance

Dungeon Overview and Level Annotations

Branches:
Dungeon (2/15)

Altars:

Annotations:
D:2 Sigmund


Message History

You shoot an arrow. The arrow hits Natasha.
Natasha is almost dead.
Sigmund shouts!
Natasha casts a spell.
You shoot an arrow. The arrow hits Natasha.
You kill Natasha!
Natasha screams in fury as she dies!
You shoot an arrow. The arrow closely misses the quokka.
The quokka bites you.
You shoot an arrow. The arrow hits the quokka.
The quokka is almost dead.
The quokka barely misses you. Sigmund casts a spell at you.
The magic dart hits you!
The quokka twitches its whiskers.
The quokka bites you.
You shoot an arrow. The arrow barely misses the quokka.
Sigmund casts a spell.
Sigmund flickers and vanishes!
Deactivating autopickup; reactivate with Ctrl-A.
The quokka completely misses you.
You shoot an arrow. The arrow hits the quokka.
You kill the quokka!
You shoot an arrow. You shoot an arrow. Something hits you.
You shoot an arrow. Something hits you.
You shoot an arrow. You shoot an arrow. Something hits you but does no damage.
You shoot an arrow. Something hits you.
You shoot an arrow. You shoot an arrow.
A magic dart appears from out of thin air!
The magic dart hits you.
You shoot an arrow. Something hits you!
You die...

............##
###......<%..# ####
###..........# #...
#............# ###...
#............# .....
#............# ####...
#...........##
.....{%####..........##
#.@.......#######
######....# #..).#
#....# #....# ######


There were no monsters in sight!

Vanquished Creatures
  Jessica (D:2)
  Natasha (D:2)
  6 endoplasms
  3 giant cockroaches
  6 goblins
  4 hobgoblins (D:1)
  5 kobolds
  2 quokkas
  3 ball pythons (D:1)
  4 bats
  3 frilled lizards (D:1)
  11 rats
49 creatures vanquished.

Notes
Turn   | Place    | Note
-------+----------+-------------------------------------------
     0 | D:1      | qw the Deep Elf Hunter began the quest for the Orb.
     0 | D:1      | Reached XP level 1. HP: 12/12 MP: 3/3
     0 | D:1      | 0 ||| qw: Version: 0.3-a-155-g5e7d8dd
     0 | D:1      | 0 ||| qw: Game counter: 2281
     0 | D:1      | 0 ||| qw: Melee chars always use a shield: true
     0 | D:1      | 0 ||| qw: God list: Okawaru
     0 | D:1      | 0 ||| qw: Allow faded altars: false
     0 | D:1      | 0 ||| qw: Do Orc after clearing Dungeon:15 true
     0 | D:1      | 0 ||| qw: Do second Lair branch before Depths: true
     0 | D:1      | 0 ||| qw: Lair rune preference: random
     0 | D:1      | 0 ||| qw: Goals: Normal
     0 | D:1      | 0 ||| PLANNING D:1-11
   177 | D:1      | Reached XP level 2. HP: 16/16 MP: 4/4
   184 | D:1      | Reached skill level 6 in Ranged Weapons
   395 | D:1      | Found a faded altar of an unknown god.
   511 | D:1      | Reached XP level 3. HP: 20/20 MP: 5/5
   895 | D:1      | 895 ||| READING scroll labelled DUEGUL SAGOIJ.
   895 | D:1      | 895 ||| IDENTIFYING viscous amethyst potion
   896 | D:1      | 896 ||| READING scroll labelled KUYLEIQEUG.
   897 | D:1      | 897 ||| READING scroll labelled MABEWE PARHALO.
   902 | D:1      | 902 ||| READING scroll labelled WATEEPESHROSIK.
   903 | D:1      | 903 ||| DROPPING scroll of butterflies.
   912 | D:2      | Noticed Jessica
   914 | D:2      | 914 ||| STAIRDANCE
   925 | D:2      | Killed Jessica
   926 | D:2      | Reached skill level 7 in Ranged Weapons
   950 | D:2      | Reached XP level 4. HP: 25/25 MP: 6/6
  1035 | D:2      | Noticed Natasha
  1035 | D:2      | Noticed Sigmund
  1039 | D:2      | Killed Natasha
  1046 | D:2      | HP: 5/25 [something (4)]
  1051 | D:2      | HP: 2/25 [something/magic dart (3)]
  1052 | D:2      | Slain by Sigmund

Levels and vault maps discovered:
D:1:      shiori_arrival_oz, layout_basic, dreamdust_ecumenical_altar_grove,
          minivault_27, minmay_hexomino_r4
D:2:      mumra_celtic_spiral_tile, layout_rooms, uniq_natasha, uniq_jessica,
          uniq_sigmund

Skill      XL: |  1  2  3 |
---------------+----------+-----
Ranged Weapons | 6 7 |  7.9
Fighting       | |  1.5
Dodging        | |  2.4
Stealth        | |  1.2

Action                     |  1- 3 |  4- 6 || total
---------------------------+-------+-------++-------
   Fire: Shortbow          |   102 |    28 ||   130
    Use: Scroll            |     4 |       ||     4
 Armour: Leather armour    |    12 |     9 ||    21
  Dodge: Dodged            |    22 |     3 ||    25

Table legend:
 A = Non-vault XP
 B = Vault XP
 C = Vault XP percentage of total XP
 D = Non-vault monster count
 E = Vault monster count
 F = Vault count percentage of total count
                 A         B        C        D         E       F
            +---------+---------+-------+---------+---------+-------
      Total |      64 |      83 |  56.5 |      40 |       9 |  18.4
            +---------+---------+-------+---------+---------+-------
        D:1 |      43 |      11 |  20.4 |      28 |       7 |  20.0
        D:2 |      21 |      72 |  77.4 |      12 |       2 |  14.3
            +---------+---------+-------+---------+---------+-------
